 Dungeon Crawl Stone Soup version 0.31.0-11-ge490571c62 (webtiles) character file.

Game seed: 17275312651824178318

105914 Zeia the Warrior (level 15, -9/150 HPs)
             Began as a Minotaur Fighter on Jan 27, 2024.
             Was a High Priest of Okawaru.
             Splashed by a goliath frog's acid (10 damage)
             ... in the Arena.
             The game lasted 00:56:29 (26111 turns).

Zeia the Warrior (Minotaur Fighter)                Turns: 26111, Time: 00:56:30

Health: -9/150     AC: 34    Str: 34    XL:     15   Next: 96%
Magic:  14/21      EV: 10    Int:  5    God:    Okawaru [*****.]
Gold:   882        SH:  5    Dex: 16    Spells: 14/14 levels left

rFire   + + .        R - +9 battleaxe "Demonslayer" {drain, rF++}
rCold   . . .        (shield currently unavailable)
rNeg    . . .        K - +7 crystal plate armour of the Mutiny {Dex+6}
rPois   +            (helmet restricted)
rElec   .            l - +2 cloak {Will+}
rCorr   .            f - +1 pair of gloves
SInv    .            (no boots)
Will    ++...        F - amulet of reflection Stlth
                     a - ring of poison resistance
HPRegen 0.45/turn    r - +6 ring of strength
MPRegen 0.17/turn

%: reflection
@: corroded, duelling
A: horns 2, retaliatory headbutt
a: Renounce Religion, Heroism, Finesse, Duel


You were in the Arena.
You worshipped Okawaru.
Okawaru was extremely pleased with you.
You visited 4 branches of the dungeon, and saw 23 of its levels.
You also visited: Ice Cave.

You collected 2391 gold pieces.
You spent 1509 gold pieces at shops.

Inventory:

Hand Weapons
 L - a +3 battleaxe of freezing
 R - the +9 battleaxe "Demonslayer" (weapon) {drain, rF++}
   (You bought it in a shop on level 2 of the Orcish Mines)

   rF++:      It greatly protects you from fire.
Missiles
 X - a throwing net (quivered)
Armour
 f - a +1 pair of gloves (worn)
 l - a +2 cloak of willpower (worn)
 K - the +7 crystal plate armour of the Mutiny (worn) {Dex+6}
   (Okawaru gifted it to you on level 1 of the Lair of Beasts)

   Dex+6:     It affects your dexterity (+6).
Jewellery
 a - a ring of poison resistance (left hand)
 r - a +6 ring of strength (right hand)
 s - a +4 ring of protection
 v - a +6 ring of dexterity
 D - a ring of protection from fire
 F - an amulet of reflection (around neck)
 H - a ring of protection from cold
 O - a +5 ring of evasion
 V - a ring of see invisible
Wands
 c - a wand of polymorph (7)
 g - a wand of flame (53)
 w - a wand of iceblast (20)
 S - a wand of quicksilver (4)
 T - a wand of digging (5)
Scrolls
 e - 4 scrolls of fog
 h - 3 scrolls of poison
 j - a scroll of noise
 k - 2 scrolls of torment
 m - 11 scrolls of teleportation
 q - 2 scrolls of immolation
 y - 4 scrolls of enchant weapon
 B - 15 scrolls of identify
 J - 2 scrolls of fear
 N - 2 scrolls of revelation
 U - 2 scrolls of vulnerability
Potions
 b - 3 potions of haste
 d - a potion of might
 n - 5 potions of attraction
 o - 2 potions of magic
 t - 6 potions of curing
 u - a potion of ambrosia
 x - 2 potions of mutation
 z - 4 potions of enlightenment
 A - 4 potions of resistance
 E - 2 potions of lignification
 P - a potion of invisibility {unknown}
 W - a potion of experience {unknown}
Miscellaneous
 i - a phial of floods


   Skills:
 + Level 18.5 Fighting
 + Level 18.2(19.1) Axes
 - Level 9.9(15.1) Maces & Flails
 + Level 16.5 Armour
 + Level 6.2 Dodging
 - Level 3.6 Shields
 - Level 10.0 Invocations


You had 14 spell levels left.
You didn't know any spells.
Your spell library contained the following spells:

 Spells                   Type           Power      Damage    Failure   Level
 Foxfire                  Conj/Fire      0%         2x1d4     99%         1
 Freeze                   Ice            0%         1d3       99%         1
 Magic Dart               Conj           0%         1d3       99%         1
 Sandblast                Erth           0%         2d4       99%         1
 Sting                    Conj/Alch      0%         1d3       99%         1
 Mercury Vapours          Alch/Air       0%         N/A       100%        2
 Searing Ray              Conj           0%         2d4       100%        2
 Dazzling Flash           Conj/Hex       0%         N/A       100%        3
 Frozen Ramparts          Ice            0%         1d1       100%        3
 Hailstorm                Conj/Ice       0%         3d5       100%        3
 Inner Flame              Hex/Fire       0%         N/A       100%        3
 Mephitic Cloud           Conj/Alch/Air  0%         N/A       100%        3
 Passwall                 Erth           0%         N/A       100%        3
 Stone Arrow              Conj/Erth      0%         3d7       100%        3
 Brom's Barrelling Bould  Conj/Erth      0%         2d3       100%        4
 Dimensional Bullseye     Hex/Tloc       0%         N/A       100%        4
 Fulminant Prism          Conj/Alch      0%         3d5       100%        4
 Ignite Poison            Fire/Alch      0%         N/A       100%        4
 Iskenderun's Mystic Bla  Conj/Tloc      0%         2d3       100%        4
 Leda's Liquefaction      Alch/Erth      0%         N/A       100%        4
 Olgreb's Toxic Radiance  Alch           0%         N/A       100%        4
 Petrify                  Alch/Erth      0%         N/A       100%        4
 Sticky Flame             Fire/Alch      0%         2d4       100%        4
 Curse of Agony           Necr           0%         N/A       100%        5
 Lee's Rapid Deconstruct  Erth           0%         3d4*      100%        5
 Metabolic Englaciation   Hex/Ice        0%         N/A       100%        5
 Silence                  Hex/Air        0%         N/A       100%        5
 Yara's Violent Unravell  Hex/Alch       0%         3d3       100%        5
 Ozocubu's Refrigeration  Ice            0%         4d7       100%        7
 Discord                  Hex            0%         N/A       100%        8
 Ignition                 Fire           0%         3d3       100%        8
 Lehudib's Crystal Spear  Conj/Erth      0%         10d2      100%        8
 Tukima's Dance           Hex            Unusable   N/A       N/A         3
 Animate Armour           Summ/Erth      Unusable   N/A       N/A         4
 Summon Lightning Spire   Summ/Air       Unusable   N/A       N/A         4

Dungeon Overview and Level Annotations

Branches:
Dungeon (15/15)            Temple (0/1) D:6            Lair (5/5) D:11
  Swamp (1/4) Lair:3        Snake (0/4) Lair:2        Slime (0/5) Lair:4
    Orc (2/2) D:11            Elf (0/3) Orc:2        Vaults (0/5) D:14
 Depths (0/4) D:15          IceCv (visited)

Altars:
Ashenzari
Cheibriados
Elyvilon
Kikubaaqudgha
Okawaru
Qazlal
Sif Muna
Uskayaw
Xom
The Shining One

Shops:
D:9 *   D:10 !*   D:12 =   Orc:2 (=[(*

Annotations:
D:13 1 runed translucent door, Liimbo's ghost, journeyman FoWn
Lair:5 2 runed translucent doors, Garaargh's ghost, journeyman VSEn


Innate Abilities, Weirdness & Mutations

You have a pair of horns on your head.
You reflexively headbutt those who attack you in melee.


Message History

Unknown command.
You slice the spriggan druid!!
With its final breath, the spriggan druid offers up its power to the beasts of the wild!
The goliath frog seems to grow more fierce.
You kill the spriggan druid!
Okawaru accepts your kill.
You hear a splash. x2
The forest abruptly stops moving.
The goliath frog hits you from afar!!
You are splashed with acid!
You enter the shallow water.
Moving in this stuff is going to be slow.
The goliath frog hits you from afar!!
* * * LOW HITPOINT WARNING * * *
You are splashed with acid!
* * * LOW HITPOINT WARNING * * *
Things that are here:
a +0 quarterstaff; a +0 robe
Okay, then.
Aiming: Duel (14% risk of failure)
Press: ? - help, Dir - move target, f - goliath frog
Aim: a goliath frog (strong)
You fail to use your ability.
The goliath frog hits you from afar.
* * * LOW HITPOINT WARNING * * *
You are splashed with acid!
* * * LOW HITPOINT WARNING * * *
Aiming: Duel (14% risk of failure)
Press: ? - help, Dir - move target, f/p - goliath frog
Aim: a goliath frog (strong)
You enter into single combat with the goliath frog!
The world spins around you as you enter the gateway.
You enter Okawaru's Arena!
Found a gate leading back out of this place.
The spectator shouts! x8
You block the goliath frog's attack.
There is an empty arch of ancient stone here.
You feel better. The goliath frog hits you!
* * * LOW HITPOINT WARNING * * *
The acid corrodes you!
You are splashed with acid!
You die...
Okawaru crowns the goliath frog victorious!

#########
##.p.#.p.##
##..▓▓▓▓▓..##
##.p▓▓...▓▓p.##
#..▓▓.....▓▓..#
#p▓▓.......▓▓p#
#▓▓.........▓▓#
#▓.....@.....▓#
#▓▓....F....▓▓#
#p▓▓.......▓▓p#
#..▓▓.....▓▓..#
##.p▓▓...▓▓p.##
##..▓▓▓▓▓..##
##.p▓∩▓p.##
#########


You could see a goliath frog (strong).

Vanquished Creatures
  Rupert (Arena)
  Jorgrun (Orc:1)
  An ironbound thunderhulk (D:14)
  An orc warlord (Arena)
  A stone giant (D:15)
  Snorg (D:12)
  Josephine (Orc:2)
  A vault guard (D:14)
  2 catoblepae
  2 ogre magi
  3 boulder beetles (D:15)
  A hydra (Lair:5)
  7 centaur warriors
  14 two-headed ogres
  Erolcha (D:13)
  Erica (Lair:1)
  A deep troll shaman (Lair:5)
  An orc high priest (Orc:2)
  5 tengu warriors
  9 death yaks (Lair:5)
  Urug (D:10)
  Sonja (Arena)
  3 skysharks
  3 skeletal warriors (D:15)
  A spriggan druid (Swamp:1)
  3 bog bodies
  A deep elf pyromancer (D:13)
  7 orc knights
  6 orc sorcerers
  6 manticores
  12 ugly things
  20 elephants
  An ice statue (IceCv)
  7 cyclopes
  3 kobold blastminers
  4 black mambas
  Joseph (D:7)
  10 cane toads
  An unseen horror (D:10)
  2 kobold demonologists (D:10)
  A torpor snail (Lair:2)
  A rime drake (Lair:1)
  Psyche (D:8)
  2 anaconda simulacra (IceCv)
  7 komodo dragons
  6 polar bears
  4 trolls
  A tyrant leech (Swamp:1)
  A blink frog (shapeshifter) (D:13)
  A hornet (D:9)
  Grinder (D:3)
  7 blink frogs
  2 vampires
  A shadow (D:13)
  3 wyverns
  57 yaks
  4 dire elephant simulacra (IceCv)
  7 wraiths
  A human (shapeshifter) (D:13)
  6 basilisks
  2 humans (D:14)
  3 death yak simulacra (IceCv)
  Menkaure (D:4)
  13 vampire mosquitoes
  A harpy simulacrum (IceCv)
  7 nagas (Lair:2)
  20 water moccasins
  2 swamp worms (Lair:3)
  3 ice beasts
  32 orc warriors
  2 laughing skulls
  2 sky beasts (D:7)
  2 black bears
  8 ogres
  3 boggarts (D:14)
  10 centaurs
  A boggart (shapeshifter) (D:13)
  11 wolves
  A gnoll sergeant (D:10)
  5 kobold brigands
  15 bullfrogs
  A cane toad simulacrum (IceCv)
  6 two-headed ogre simulacra (IceCv)
  2 scorpions
  A water moccasin zombie (D:3)
  3 wights (D:9)
  A hornet simulacrum (D:15)
  11 killer bees
  2 elephant simulacra (IceCv)
  2 electric eels
  8 howler monkeys
  3 bombardier beetles
  8 jellies
  7 hounds
  21 orc priests
  A gnoll bouda (D:8)
  2 sleepcaps
  2 iguanas
  A scorpion zombie (D:3)
  Terence (D:2)
  29 orc wizards
  Natasha (thrice) (D:3)
  5 hell rats (Lair:4)
  3 troll simulacra (IceCv)
  2 polar bear simulacra (IceCv)
  2 wolf simulacra (IceCv)
  6 spriggan simulacra (IceCv)
  6 gnolls
  9 adders
  2 naga simulacra (IceCv)
  9 white imps
  7 ufetubi
  2 adder zombies (D:3)
  2 dart slugs
  3 ribbon worms
  83 orcs
  17 endoplasms
  A giant cockroach (D:2)
  7 goblins
  6 hobgoblins
  6 jackals
  4 quokkas
  12 ball pythons
  5 bats
  2 frilled lizards (D:1)
  21 kobolds
  4 rats
747 creatures vanquished.

Vanquished Creatures (others)
  A sky beast (D:6)
  2 orc wizards
3 creatures vanquished.

Grand Total: 750 creatures vanquished

Notes
Turn   | Place    | Note
-------+----------+-------------------------------------------
     0 | D:1      | Zeia the Minotaur Fighter began the quest for the Orb.
     0 | D:1      | Reached XP level 1. HP: 19/19 MP: 0/0
   191 | D:1      | Reached XP level 2. HP: 27/27 MP: 1/1
   926 | D:2      | Reached XP level 3. HP: 34/34 MP: 2/2
  1170 | D:2      | Reached skill level 5 in Fighting
  1170 | D:2      | Reached XP level 4. HP: 30/42 MP: 3/3
  1261 | D:2      | Reached XP level 5. HP: 47/48 MP: 4/4
  1268 | D:2      | Noticed Terence
  1279 | D:2      | Killed Terence
  1395 | D:2      | Reached skill level 5 in Axes
  1789 | D:3      | Noticed Grinder
  1886 | D:3      | Noticed Natasha
  1895 | D:3      | Killed Natasha
  1912 | D:4      | Found a white marble altar of Elyvilon.
  1954 | D:4      | Reached XP level 6. HP: 55/57 MP: 5/5
  2141 | D:4      | Noticed Menkaure
  2167 | D:4      | Killed Menkaure
  2298 | D:4      | Reached XP level 7. HP: 65/66 MP: 6/6
  2352 | D:4      | Found an iron altar of Okawaru.
  2352 | D:4      | Found a broken altar of Ashenzari.
  2352 | D:4      | Found a stormy altar of Qazlal.
  2352 | D:4      | Found a shimmering altar of Xom.
  2352 | D:4      | Found a shimmering blue altar of Sif Muna.
  2352 | D:4      | Found an ancient bone altar of Kikubaaqudgha.
  2383 | D:4      | Became a worshipper of Warmaster Okawaru
  2521 | D:4      | Found a snail-covered altar of Cheibriados.
  2888 | D:3      | Noticed Natasha
  2894 | D:3      | Killed Natasha
  3085 | D:3      | Killed Grinder
  3086 | D:3      | Reached XP level 8. HP: 61/75 MP: 7/7
  3248 | D:3      | Noticed Natasha
  3251 | D:3      | Killed Natasha
  3455 | D:4      | Identified a scroll of acquirement
  3457 | D:4      | Acquired a +1 cloak of willpower
  3486 | D:5      | Entered Level 5 of the Dungeon
  3683 | D:5      | Found a hide-covered altar of Uskayaw.
  3694 | D:5      | Reached * piety under Okawaru
  4708 | D:6      | Reached skill level 10 in Fighting
  4771 | D:6      | Reached skill level 5 in Armour
  4792 | D:6      | Found a staircase to the Ecumenical Temple.
  4983 | D:6      | Reached ** piety under Okawaru
  5035 | D:6      | Reached XP level 9. HP: 85/85 MP: 8/8
  5340 | D:6      | Reached skill level 10 in Axes
  6031 | D:7      | Noticed Joseph
  6038 | D:7      | Killed Joseph
  6150 | D:7      | Noticed a two-headed ogre
  6158 | D:7      | Killed a two-headed ogre
  6158 | D:7      | Reached *** piety under Okawaru
  6481 | D:8      | Noticed Psyche
  6486 | D:8      | Reached **** piety under Okawaru
  6490 | D:8      | Killed Psyche
  6605 | D:8      | Noticed a two-headed ogre
  6620 | D:8      | Killed a two-headed ogre
  6621 | D:8      | Reached XP level 10. HP: 64/97 MP: 9/9
  6979 | D:8      | Identified the +5 ring mail of the Minstrel {+Inv rPois rF-
                  | Will++}
  7304 | D:9      | Noticed a two-headed ogre
  7316 | D:9      | Killed a two-headed ogre
  7316 | D:9      | Reached ***** piety under Okawaru
  7593 | D:9      | Paralysed by a hornet for 2 turns
  7817 | D:9      | Reached skill level 1 in Dodging
  7835 | D:9      | HP: 3/100 [something (9)]
  8491 | D:9      | Found Apakil's Assorted Antiques.
  8793 | D:10     | Entered Level 10 of the Dungeon
  8826 | D:10     | Found Gaos's Distillery.
  8831 | D:10     | Bought a potion of heal wounds for 70 gold pieces
  8867 | D:10     | Noticed Urug
  8882 | D:10     | Killed Urug
  9106 | D:10     | Reached XP level 11. HP: 107/107 MP: 10/10
  9107 | D:10     | Received a gift from Okawaru
  9108 | D:10     | Reached skill level 10 in Armour
  9364 | D:10     | Noticed a two-headed ogre
  9372 | D:10     | Killed a two-headed ogre
  9545 | D:10     | Found Ivouqocu's General Store.
  9548 | D:10     | Bought a scroll of identify for 22 gold pieces
  9548 | D:10     | Bought a scroll of identify for 22 gold pieces
  9911 | D:10     | Noticed a lindwurm
  9911 | D:10     | Noticed a lindwurm
  9925 | D:10     | Noticed a lindwurm
  9927 | D:10     | Noticed a lindwurm
 10093 | D:11     | Found a staircase to the Lair.
 10288 | D:11     | Received a gift from Okawaru
 10289 | D:11     | Reached skill level 5 in Dodging
 10353 | D:11     | Noticed a two-headed ogre
 10355 | D:11     | Killed a two-headed ogre
 10371 | D:11     | Found a staircase to the Orcish Mines.
 10505 | D:11     | Noticed an orc knight
 10505 | D:11     | Noticed a two-headed ogre
 10551 | Lair:1   | Entered Level 1 of the Lair of Beasts
 10813 | Lair:1   | Reached skill level 1 in Invocations
 11075 | Lair:1   | Reached XP level 12. HP: 62/116 MP: 14/14
 11141 | Lair:1   | Reached skill level 5 in Invocations
 11149 | Lair:1   | Reached ****** piety under Okawaru
 11255 | Lair:1   | Acquired the +7 crystal plate armour of the Mutiny {Dex+6}
 11255 | Lair:1   | Received a gift from Okawaru
 11267 | Lair:1   | Acquired a +3 battleaxe of freezing
 11267 | Lair:1   | Received a gift from Okawaru
 11324 | Lair:1   | Noticed Erica
 11329 | Lair:1   | Reached skill level 1 in Maces & Flails
 11331 | Lair:1   | Received a gift from Okawaru
 11340 | Lair:1   | Killed Erica
 11625 | Lair:1   | Found a hide-covered altar of Uskayaw.
 12491 | Lair:2   | Reached skill level 5 in Maces & Flails
 12588 | Lair:2   | Received a gift from Okawaru
 13198 | Lair:2   | Found a staircase to the Snake Pit.
 13534 | Lair:3   | Found a white marble altar of Elyvilon.
 13550 | Lair:3   | Found a frozen archway.
 13559 | IceCv    | Entered an ice cave
 14232 | IceCv    | Received a gift from Okawaru
 14657 | IceCv    | Reached XP level 13. HP: 84/123 MP: 18/18
 15448 | Lair:3   | Received a gift from Okawaru
 15451 | Lair:3   | Found a staircase to the Swamp.
 15972 | Lair:3   | Reached skill level 10 in Invocations
 16735 | Lair:4   | Noticed Sonja
 16759 | Arena    | Entered the Arena
 16759 | Arena    | Killed Sonja
 16760 | Arena    | HP: 1/117 [poisoned by Sonja (curare-tipped dart)]
 17106 | Lair:4   | Found a staircase to the Slime Pits.
 17237 | Lair:4   | Received a gift from Okawaru
 17641 | Lair:5   | Entered Level 5 of the Lair of Beasts
 17813 | Lair:5   | Got Zinusin's Compilation of the Beaker and Immolation
 17901 | Lair:5   | Received a gift from Okawaru
 17980 | Lair:5   | Found a large runed translucent door.
 17993 | Lair:5   | Reached skill level 15 in Fighting
 18006 | Lair:5   | Found a large runed translucent door.
 18074 | Lair:5   | Reached skill level 15 in Axes
 18075 | Lair:5   | Reached XP level 14. HP: 102/135 MP: 20/20
 18169 | Lair:5   | Received a gift from Okawaru
 18977 | Lair:5   | Noticed Garaargh's ghost (journeyman VSEn)
 19564 | D:11     | Received a gift from Okawaru
 19888 | D:12     | Found Iret's Jewellery Shoppe.
 19953 | Orc:1    | Entered Level 1 of the Orcish Mines
 20153 | Orc:1    | Noticed Jorgrun
 20165 | Orc:1    | Killed Jorgrun
 20472 | Orc:2    | Entered Level 2 of the Orcish Mines
 20474 | Orc:2    | Noticed Josephine
 20489 | Orc:2    | Killed Josephine
 20718 | Orc:2    | Found Gatzay's Weapon Boutique.
 20868 | Orc:2    | Found a staircase to the Elven Halls.
 21019 | Orc:2    | Received a gift from Okawaru
 21420 | Orc:2    | Noticed an orc warlord
 21436 | Arena    | Entered the Arena
 21446 | Arena    | Killed an orc warlord
 21767 | Orc:2    | Found Xatooteu's Jewellery Emporium.
 21786 | Orc:2    | Found Zaqin's General Store.
 21824 | Orc:2    | Found Doroebeets's Antique Armour Emporium.
 21849 | Orc:2    | Reached XP level 15. HP: 123/147 MP: 21/21
 21870 | Orc:2    | Received a gift from Okawaru
 22058 | Orc:2    | Found Ygugot's Antique Weapon Emporium.
 22231 | Orc:2    | Bought the +9 battleaxe "Demonslayer" {drain, rF++} for
                  | 1055 gold pieces
 22468 | D:12     | Reached skill level 15 in Armour
 22515 | D:12     | Noticed Snorg
 22521 | D:12     | Killed Snorg
 23210 | D:13     | Found a runed translucent door.
 23211 | D:13     | Noticed Liimbo's ghost (journeyman FoWn)
 23282 | D:13     | Noticed Erolcha
 23283 | D:13     | Received a gift from Okawaru
 23299 | D:13     | Killed Erolcha
 24100 | D:14     | Found a glowing golden altar of the Shining One.
 24526 | D:14     | Found a gate to the Vaults.
 24602 | D:15     | Entered Level 15 of the Dungeon
 24618 | D:15     | Received a gift from Okawaru
 24833 | D:15     | Noticed Rupert
 25064 | Arena    | Entered the Arena
 25072 | Arena    | Killed Rupert
 25519 | D:15     | Received a gift from Okawaru
 25648 | D:15     | Found a staircase to the Depths.
 25945 | Orc:2    | Bought a ring of poison resistance for 340 gold pieces
 26089 | Swamp:1  | Entered Level 1 of the Swamp
 26109 | Swamp:1  | HP: 5/150 [acid (8)]
 26110 | Arena    | Entered the Arena
 26111 | Arena    | HP: 1/150 [goliath frog (15)]
 26111 | Arena    | Splashed by a goliath frog's acid

Illustrated notes

Levels and vault maps discovered:
D:1:      spicycebolla_arrival_transporter_tutorial, layout_basic,
          serial_co_window_serial, co_window_corner_a,
          co_window_of_opportunity_a, co_window_corner_a, co_window_paths_a,
          co_window_paths_a, co_window_paths_a, co_window_corner_cb,
          co_window_paths_c, co_window_broadway_c, co_window_broadway_a,
          co_window_broadway_a, co_window_of_opportunity_b, co_window_paths_d,
          glass_columns_a, glass_columns_a, glass_columns_b, glass_columns_b,
          glass_columns_a
D:2:      layout_loops_ring, uniq_terence
D:3:      layout_loops_ring, serial_undead, serial_undead_e, serial_undead_b,
          serial_undead_f, serial_undead_e, uniq_grinder, uniq_natasha
D:4:      cheibrodos_fertilizer, layout_basic, nicolae_overflow_hidden_temple,
          uniq_menkaure
D:5:      layout_basic, old_standard_altar, st_stairs_13
D:6:      minmay_general_purpose_star, layout_gridville,
          minmay_temple_entry_offerings
D:7:      layout_loops_ring, uniq_joseph
D:8:      layout_basic, minmay_orc_keep, uniq_psyche
D:9:      layout_roguey, serial_shops, nicolae_lakefront_shop
D:10:     layout_stronghold, serial_shops, nicolae_shop_tiny_waterfront, shop,
          minmay_lindwurm_lava, uniq_urug
D:11:     layout_long_grid, lair_entry_dummy, david_orc_3,
          lightli_church_of_beogh
D:12:     layout_stronghold, serial_shops, nicolae_shop_window_shopping,
          uniq_snorg
D:13:     layout_rooms, gammafunk_ghost_grave, uniq_erolcha
D:14:     layout_loops_ring, hellmonk_vaults_keyhole, minmay_misc_feat_encased,
          tso_altar
D:15:     grunt_enter_depths_snipers, layout_basic,
          chequers_serial_rivers_micro_c, uniq_rupert
Lair:1:   layout_gridlike, basic_altar, grunt_forest_small_clearing_treed,
          infiniplex_staircase_pool_2, serial_bayou_shore_a, grunt_megastairs_4,
          uniq_erica
Lair:2:   layout_cave_shapes, minmay_snake_entry_guardpost_medium,
          beast_lair_carwin_1, lemuel_fruit_tree
Lair:3:   layout_layer_cave, nicolae_swamp_entry_splash_gauntlet, basic_altar,
          portal_ice_cave_entry_pillars_1
Lair:4:   layout_misc_corridors, nicolae_slime_entry_slimehenge, uniq_sonja
Lair:5:   grunt_lair_end_beastmaster, layout_gridlike,
          ebering_ghost_disaster_area, ldierk_geyser, serial_bayou_shore_b
Swamp:1:  layout_basic_swamp, evilmike_swamp_ruin_rubble_2, swamp_pool_5,
          grunt_lady_of_the_lake
Orc:1:    layout_caves, uniq_jorgrun
Orc:2:    grunt_orc_cross, layout_caves, serial_shops,
          nicolae_shop_gibbet_a_chance, uniq_josephine
Arena

Skill      XL: |  1  2  3  4  5  6  7  8  9 10 11 12 13 14 15 |
---------------+----------------------------------------------+-----
Fighting       | 4 5 6 7 8 10 11 13 15 17 18 | 18.5
Axes           | 3 4 5 6 8 9 11 12 13 15 16 18 | 18.2
Armour         | 5 8 9 11 12 14 16 | 16.5
Dodging        | 3 5 6 |  6.2
Invocations    | 4 9 10 | 10.0
Maces & Flails | 8 9 |  9.9
Shields        | |  3.6

Action                     |  1- 3 |  4- 6 |  7- 9 | 10-12 | 13-15 || total
---------------------------+-------+-------+-------+-------+-------++-------
  Melee: War axe           |    63 |   108 |   221 |   311 |       ||   703
         Headbutt          |     2 |    15 |    43 |   110 |   197 ||   367
         Battleaxe         |       |       |       |   206 |   888 ||  1094
 Invoke: Heroism           |       |       |       |     2 |     2 ||     4
         Receive Weapon    |       |       |       |     1 |       ||     1
         Receive Armour    |       |       |       |     1 |       ||     1
         Duel              |       |       |       |       |     4 ||     4
         Finesse           |       |       |       |       |     2 ||     2
    Use: Potion            |     2 |       |       |     3 |     6 ||    11
         Scroll            |       |     6 |    10 |    10 |     3 ||    29
 Armour: Scale mail        |    37 |    85 |   155 |    32 |       ||   309
         Plate armour      |       |       |       |   231 |       ||   231
         Crystal plate arm |       |       |       |   187 |   765 ||   952
  Dodge: Dodged            |    28 |    43 |    83 |   148 |   279 ||   581
  Block: Buckler           |    12 |    20 |    48 |    54 |       ||   134
         Other             |       |       |       |    26 |   148 ||   174
         Reflection        |       |       |       |       |     8 ||     8
